 Dungeon Crawl Stone Soup version 0.16.1-11-g651b585 (webtiles) character file.

164842 Iceolator the Eclecticist (level 18, 0/123 HPs)
             Began as a Human Wizard on Mar 30, 2015.
             Was the Champion of Sif Muna.
             Slain by an eight-headed hydra (10 damage)
             ... on level 5 of the Swamp on Apr 4, 2015.
             The game lasted 10:28:30 (60547 turns).

Iceolator the Eclecticist (Human Wizard)           Turns: 60547, Time: 10:28:31

Health: 0/123      AC: 11    Str:  8    XL:     18   Next: 49%
Magic:  54/54      EV: 17    Int: 32    God:    Sif Muna [******]
Gold:   2406       SH:  0    Dex: 14    Spells: 12 memorised, 1 level left

rFire  x . .     SeeInvis .     Z - staff of power
rCold  + + .     Clarity  .     p - +2 robe {Archmagi}
rNeg   . . .     SustAb   .     (no shield)
rPois  .         Gourm    +     O - +1 hat {Int+3}
rElec  .         Spirit   .     Y - +1 cloak {rC+}
rCorr  .         Warding  .     (no gloves)
rMut   .         Stasis   .     c - +2 pair of boots
MR     +....                    E - amulet of the gourmand
Stlth  ++........               s - ring of ice
                                z - +5 ring of intelligence

@: lethally poisoned (0 -> -2), very slightly contaminated, repel missiles,
somewhat resistant to hostile enchantments, unstealthy
A: no striking features
a: Channel Energy, Forget Spell, Renounce Religion


You were on level 5 of the Swamp.
You worshipped Sif Muna.
Sif Muna was exalted by your worship.
You were not hungry.

You visited 4 branches of the dungeon, and saw 32 of its levels.
You visited 1 bazaar.
You also visited: Labyrinth, Sewer, Bailey and Ice Cave.

You collected 3718 gold pieces.
You spent 1312 gold pieces at shops.

Inventory:

Hand weapons
 A - the +6 arbalest "Hellfire" {hellfire, rF++ rC- MR+}
   (You found it on level 1 of the Swamp)

   It greatly protects you from fire.
   It makes you vulnerable to cold.
   It affects your resistance to hostile enchantments.
Armour
 c - a +2 pair of boots (worn)
 f - a +3 leather armour of fire resistance
 p - a +2 robe of the Archmagi (worn)
 q - a +1 robe of resistance
 O - a +1 hat of intelligence (worn)
 Y - a +1 cloak of cold resistance (worn)
Magical staves
 d - an uncursed staff of air
 M - an uncursed staff of death
 U - an uncursed staff of wizardry
 Z - an uncursed staff of power (weapon)
Jewellery
 o - an uncursed ring of see invisible (quivered)
 s - a ring of ice (right hand)
 x - an uncursed amulet of stasis
 z - a +5 ring of intelligence (left hand)
 E - an amulet of the gourmand (around neck)
 N - an uncursed ring of protection from magic
 P - an uncursed ring of poison resistance
 V - an uncursed ring of sustain abilities
 W - the ring "Thrauzxe" {+Inv rN+ Dex-2 Stlth+}
   (You found it in a labyrinth)

   [ring of invisibility]

   It affects your dexterity (-2).
   It protects you from negative energy.
   It lets you turn invisible.
   It makes you more stealthy.
Magical devices
 e - a wand of disintegration (8)
 v - a wand of paralysis (11)
Scrolls
 b - 2 scrolls of magic mapping
 g - 8 scrolls of identify
 h - 5 scrolls of recharging
 j - 9 scrolls of remove curse
 n - 5 scrolls of amnesia
 F - 5 scrolls of enchant weapon
 S - 2 scrolls of teleportation
Potions
 a - 5 potions of brilliance
 r - 3 potions of restore abilities
 t - 4 potions of curing
 H - a potion of haste
 I - 3 potions of heal wounds
 L - a potion of agility
 X - a potion of cancellation
Books
 i - a book of the Earth

   Spells                             Type                      Level
   a - Leda's Liquefaction            Hexes/Earth                  4
   b - Bolt of Magma                  Conjuration/Fire/Earth       5
   c - Statue Form                    Transmutation/Earth          6
   d - Iron Shot                      Conjuration/Earth            6
   e - Shatter                        Earth                        9
 k - Sif Muna's Collected Works on Attacks
   (Sif Muna gifted it to you on level 6 of the Lair of Beasts)

   Spells                             Type                      Level
   a - Shock                          Conjuration/Air              1
   b - Stone Arrow                    Conjuration/Earth            3
   c - Iskenderun's Mystic Blast      Conjuration                  4
   d - Venom Bolt                     Conjuration/Poison           5
   e - Delayed Fireball               Conjuration/Fire             7
 l - a Necronomicon {highlevel}

   This book is beyond your current level of understanding.

   Spells                             Type                      Level
   a - Haunt                          Necromancy/Summoning         7
   b - Borgnjor's Revivification      Necromancy                   8
   c - Death's Door                   Charms/Necromancy            8
   d - Necromutation                  Transmutation/Necromancy     8
 m - a book of Clouds

   Spells                             Type                      Level
   a - Mephitic Cloud                 Conjuration/Poison/Air       3
   b - Conjure Flame                  Conjuration/Fire             3
   c - Poisonous Cloud                Conjuration/Poison/Air       6
   d - Freezing Cloud                 Conjuration/Ice/Air          6
   e - Ring of Flames                 Charms/Fire                  7
 u - Feupi's Disquisition on Arcane Weapons
   (Sif Muna gifted it to you in a bailey)

   Spells                             Type                      Level
   a - Throw Flame                    Conjuration/Fire             2
   b - Sticky Flame                   Conjuration/Fire             4
   c - Chain Lightning                Conjuration/Air              8
 y - Sif Muna's Disquisition on Shifting Orientation
   (You found it in an ice cave)

   Spells                             Type                      Level
   a - Beastly Appendage              Transmutation                1
   b - Portal Projectile              Translocation                3
   c - Teleport Other                 Translocation                3
   d - Force Lance                    Conjuration/Translocation    4
   e - Hydra Form                     Transmutation                6
 B - Iskenderun's Volume of Combat Magic and the Volcanoes
   (Sif Muna gifted it to you on level 4 of the Orcish Mines)

   Spells                             Type                      Level
   a - Flame Tongue                   Conjuration/Fire             1
   b - Bolt of Draining               Conjuration/Necromancy       5
   c - Bolt of Fire                   Conjuration/Fire             6
   d - Lehudib's Crystal Spear        Conjuration/Earth            8
 D - Sif Muna's Almanac of Confrontation
   (Sif Muna gifted it to you on level 2 of the Lair of Beasts)

   Spells                             Type                      Level
   a - Flame Tongue                   Conjuration/Fire             1
   b - Sting                          Conjuration/Poison           1
   c - Searing Ray                    Conjuration                  2
   d - Conjure Ball Lightning         Conjuration/Air              6
   e - Iron Shot                      Conjuration/Earth            6
 G - a book of Ice

   Spells                             Type                      Level
   a - Ice Form                       Ice/Transmutation            4
   b - Metabolic Englaciation         Hexes/Ice                    5
   c - Ozocubu's Refrigeration        Ice                          6
   d - Bolt of Cold                   Conjuration/Ice              6
   e - Freezing Cloud                 Conjuration/Ice/Air          6
   f - Simulacrum                     Ice/Necromancy               6
 J - a book of Dreams

   Spells                             Type                      Level
   a - Ensorcelled Hibernation        Hexes/Ice                    2
   b - Flight                         Charms/Air                   3
   c - Phase Shift                    Translocation                5
   d - Shadow Creatures               Summoning                    5
   e - Mass Confusion                 Hexes                        6
   f - Darkness                       Hexes                        7
 K - Sif Muna's Disquisition on Shifting Unholy Secrets
   (Sif Muna gifted it to you on level 15 of the Dungeon)

   Spells                             Type                      Level
   a - Corpse Rot                     Necromancy                   2
   b - Excruciating Wounds            Charms/Necromancy            5
   c - Ignite Poison                  Fire/Transmutation           5
   d - Necromutation                  Transmutation/Necromancy     8
 Q - a book of Power

   Spells                             Type                      Level
   a - Fulminant Prism                Conjuration/Hexes            4
   b - Iskenderun's Mystic Blast      Conjuration                  4
   c - Venom Bolt                     Conjuration/Poison           5
   d - Bolt of Magma                  Conjuration/Fire/Earth       5
   e - Iron Shot                      Conjuration/Earth            6
   f - Orb of Destruction             Conjuration                  7
   g - Spellforged Servitor           Conjuration/Summoning        7
Comestibles
 T - 11 royal jellies


   Skills:
 - Level 6.0 Fighting
   Level 3.0 Maces & Flails
 - Level 1.0 Throwing
 - Level 6.0 Armour
 - Level 9.1 Dodging
 - Level 2.0 Stealth
 * Level 15.7 Spellcasting
 + Level 12.7 Conjurations
 - Level 8.1 Charms
 - Level 2.2 Summonings
 + Level 9.8 Necromancy
 - Level 1.0 Translocations
 - Level 4.2 Fire Magic
 - Level 8.0 Ice Magic
 + Level 11.0 Earth Magic
 - Level 5.0 Invocations
 - Level 5.0 Evocations


You had one spell level left.
You knew the following spells:

 Your Spells              Type           Power        Failure   Level  Hunger
a - Iron Shot             Conj/Erth      ########..   1%          6    ##.....
b - Haste                 Chrm           #######.     12%         6    ##.....
c - Blink                 Tloc           N/A          1%          2    None
d - Conjure Flame         Conj/Fire      ######..     1%          3    None
e - Mephitic Cloud        Conj/Pois/Air  ######..     1%          3    None
f - Regeneration          Chrm/Necr      #######...   1%          3    None
g - Summon Ice Beast      Ice/Summ       #######.     1%          4    None
h - Throw Icicle          Conj/Ice       ########     1%          4    None
i - Repel Missiles        Chrm/Air       ######       1%          2    None
j - Ozocubu's Armour      Chrm/Ice       ########     1%          3    None
k - Bolt of Fire          Conj/Fire      ######....   12%         6    ##.....
l - Iskenderun's Battles  Conj/Chrm      #######.     1%          5    None


Dungeon Overview and Level Annotations

Branches:
Dungeon (15/15)            Temple (0/1) D:4            Lair (8/8) D:8
  Swamp (5/5) Lair:6        Snake (0/5) Lair:3        Slime (0/6) Lair:8
    Orc (4/4) D:10            Elf (0/3) Orc:3        Vaults (0/5) D:14
 Depths (0/5) D:15

Altars:
Dithmenos
Elyvilon
Gozag
Makhleb
Nemelex Xobeh
Okawaru
Qazlal
Ru
Sif Muna
Trog
Xom
Yredelemnul
Zin
The Shining One
Beogh
Jiyva

Shops:
D:8 *   D:11 [:}(   D:12 *   D:13 [   Orc:4 *!=:

Portals:
Hell: Lair:8

Annotations:
D:9 exclusion: obsidian statue


Message History

The swamp dragon breathes poison at you.
The blast of poison misses you.
The spectral water moccasin barely misses you.
The ghost crab breathes ghostly flame at you.
The ghostly flame engulfs the spectral water moccasin.
The swamp dragon breathes poison at you.
The blast of poison engulfs you!
You are poisoned.
* * * LOW HITPOINT WARNING * * *
The eight-headed hydra misses you. The eight-headed hydra bites you.
* * * LOW HITPOINT WARNING * * *
The eight-headed hydra bites you.
* * * LOW HITPOINT WARNING * * *
The eight-headed hydra bites you.
* * * LOW HITPOINT WARNING * * *
The eight-headed hydra completely misses you.
The eight-headed hydra misses you.
The eight-headed hydra completely misses you.
The eight-headed hydra bites you!
You die...

≈≈ ≈≈. ≈≈≈≈.
≈≈t≈.§ ♣ ♣§§.(..
..≈ ♣♣§§§§.≈.
≈≈.≈≈.♣♣§Z§§§≈♣≈♣
≈§≈.≈§SD@D§§§≈≈≈.
♣♣♣...kDDD≈.≈≈≈≈.
♣≈..§≈§.....≈.
.≈≈≈.≈.♣♣......
§D.♣♣#≈ .#♣.≈. ♣
## ♣# .


You could see an eight-headed hydra, a six-headed hydra, 4 swamp dragons, a
ghost crab, a spectral water moccasin, a swamp drake and a water moccasin.

Vanquished Creatures
  An Ice Fiend (IceCv)
  A thorn hunter (Swamp:3)
  Maud (Lair:7)
  3 orc warlords
  Louise (Swamp:2)
  A stone giant (Orc:3)
  2 dire elephants
  The ghost of giann the Spry, a powerful SpEn of Dithmenos (Orc:4)
  The ghost of Radiman the Thaumaturge, a powerful GrEE of Vehumet (Lair:4)
  Fannar (D:15)
  4 centaur warriors
  13 hydras
  8 alligators
  2 dancing weapons (D:14)
  A catoblepas (D:14)
  4 death yaks (Lair:7)
  An ogre mage (D:15)
  2 tengu warriors (D:14)
  Urug (D:13)
  The ghost of emiel the Chiller, an experienced HuIE of Vehumet (D:8)
  A sun demon (Lair:8)
  A deep elf knight (Bailey)
  A fire crab (Lair:5)
  4 ice devils (IceCv)
  2 swamp dragons
  2 harpies (Swamp:1)
  A shambling mangrove (Swamp:3)
  9 hill giants
  13 orc knights
  3 wizards
  A lindwurm (Lair:8)
  3 cyclopes
  A deep elf conjurer (D:15)
  19 ugly things
  2 orc sorcerers
  5 griffons
  11 elephants (Lair:6)
  8 black mambas
  4 gargoyles
  A smoke demon (Lair:8)
  22 spiny frogs
  5 fire drakes
  A naga mage (D:15)
  An efreet (D:15)
  6 centaur skeletons
  A kobold demonologist (D:13)
  A hellwing (Lair:8)
  A yaktaur (D:14)
  4 freezing wraiths
  4 red devils (Lair:8)
  2 polar bears (D:14)
  4 blue devils (Lair:8)
  A deep elf priest (Bailey)
  7 anaconda simulacra (IceCv)
  A trapdoor spider zombie (D:12)
  12 trolls
  11 slime creatures
  7 komodo dragons
  Grinder (D:6)
  3 two-headed ogres
  Prince Ribbit (D:7)
  A bog body (Swamp:1)
  5 baby alligators
  2 hornet zombies
  5 giant leeches
  17 blink frogs
  6 ravens
  2 spriggans
  5 basilisks
  5 shadows
  4 humans (Lair:7)
  A vampire (D:12)
  66 yaks
  2 dire elephant simulacra (IceCv)
  7 wargs
  Grum (D:13)
  3 harpy simulacra (IceCv)
  2 wyverns
  4 deep elf fighters
  5 deep elf magi
  4 hogs
  3 nagas (Lair:3)
  A hungry ghost (D:8)
  18 hippogriffs
  18 vampire mosquitoes
  Edmund (D:6)
  9 insubstantial wisps
  An iron troll simulacrum (IceCv)
  A death yak simulacrum (IceCv)
  3 soldier ants
  8 water moccasins
  25 swamp worms
  36 wolves
  A hydra simulacrum (IceCv)
  22 porcupines
  2 wasps
  15 ice beasts
  2 necrophages
  9 swamp drakes
  50 orc warriors
  A sky beast (D:10)
  11 black bears
  20 ogres
  The ghost of abixa the Chopper, an average HOGl (D:3)
  26 centaurs
  3 boring beetles
  13 crocodiles
  3 big kobolds
  Blork the orc (D:3)
  22 giant frogs
  A scorpion (D:9)
  A wyvern skeleton (D:13)
  7 killer bees
  6 electric eels
  7 wights
  An elephant simulacrum (IceCv)
  5 goliath beetles
  A swamp dragon simulacrum (IceCv)
  3 centaur zombies
  8 crimson imps
  3 draconian simulacra (IceCv)
  18 orc priests
  3 giant frog zombies
  13 hounds
  8 jellies
  2 gnoll shamans
  4 quasits
  24 orc wizards
  7 troll simulacra (IceCv)
  6 sheep
  8 iguanas
  14 worker ants
  A spriggan simulacrum (IceCv)
  A polar bear simulacrum (IceCv)
  A wolf simulacrum (IceCv)
  4 centaur simulacra (IceCv)
  An ogre zombie (Orc:2)
  A hound skeleton (D:10)
  2 mummies
  3 naga simulacra (IceCv)
  2 ogre simulacra (IceCv)
  11 gnolls
  23 adders
  77 river rats
  4 shadow imps
  3 giant mites
  6 white imps (IceCv)
  A worm (D:3)
  3 ufetubi (IceCv)
  An adder skeleton (D:9)
  6 oozes
  181 orcs
  15 bats
  A bat skeleton (D:6)
  6 giant cockroaches
  11 hobgoblins
  9 jackals
  27 kobolds
  21 quokkas
  3 ball pythons
  7 giant geckos
  3 giant newts
  3 giant spores
  15 goblins
  An orc skeleton (Orc:2)
  4 orc zombies
  16 rats
  8 ballistomycetes
  2 fungi (Lair:1)
  A plant (Lair:2)
1346 creatures vanquished.

Vanquished Creatures (collateral kills)
  Kirke (Swamp:1)
  A minotaur (Lab)
  2 hydras (Lair:2)
  A centaur warrior (D:13)
  An orc knight (Orc:4)
  3 ugly things
  2 orange demons (Lair:8)
  A gargoyle (Lab)
  A deep elf priest (Bailey)
  A troll (D:9)
  A baby alligator (Swamp:3)
  A basilisk (D:8)
  4 blink frogs (Lair:3)
  3 spriggans (Swamp:1)
  2 hogs (Swamp:1)
  7 yaks
  A deep elf fighter (Bailey)
  2 humans (Lair:7)
  A harpy simulacrum (IceCv)
  A vampire mosquito (Swamp:1)
  4 wolves
  A swamp drake (Swamp:1)
  3 wasps (Swamp:1)
  4 orc warriors
  2 black bears (D:14)
  An ice beast (D:10)
  An ogre (D:15)
  5 centaurs
  A giant frog (D:15)
  A crocodile (Lair:8)
  2 big kobolds
  6 killer bees
  4 orc priests
  2 centaur zombies (D:15)
  3 hounds
  A quasit (D:8)
  An iguana (Lair:4)
  2 orc wizards
  3 worker ants
  A sheep (D:14)
  12 river rats
  2 gnolls
  A shadow imp (D:15)
  2 adders
  An ufetubus (IceCv)
  An ooze (D:7)
  35 orcs
  2 goblins
  5 hobgoblins (Orc:3)
  5 jackals
  4 kobolds
  An orc zombie (Orc:2)
  4 rats
  A plant (Swamp:1)
161 creatures vanquished.

Vanquished Creatures (others)
  A wizard (D:3)
  51 ice beasts
  23 crimson imps
  4 iron imps
  An iguana (Lair:6)
  An adder (Lair:8)
  5 shadow imps
  19 white imps
  2 orcs
  A giant spore (D:9)
  An orc zombie (Orc:2)
  5 fungi
  2 plants
116 creatures vanquished.

Grand Total: 1623 creatures vanquished

Notes
Turn   | Place    | Note
--------------------------------------------------------------
     0 | D:1      | Iceolator, the Human Wizard, began the quest for the Orb.
     0 | D:1      | Reached XP level 1. HP: 13/13 MP: 4/4
   131 | D:1      | Reached XP level 2. HP: 19/19 MP: 0/6
   904 | D:1      | Learned a level 2 spell: Call Imp
   907 | D:1      | Learned a level 2 spell: Blink
   934 | D:1      | Reached XP level 3. HP: 17/24 MP: 4/8
  1318 | D:2      | Learned a level 3 spell: Conjure Flame
  1798 | D:2      | Found a shimmering altar of Xom.
  2045 | D:2      | Reached XP level 4. HP: 28/30 MP: 6/10
  2304 | D:3      | Found a glowing drain.
  2358 | Sewer    | Entered a sewer
  2487 | Sewer    | Noticed a big kobold
  2560 | Sewer    | Killed a big kobold
  2560 | Sewer    | Reached XP level 5. HP: 25/35 MP: 2/12
  2647 | Sewer    | Found a white marble altar of Elyvilon.
  2772 | D:3      | Noticed Blork the orc
  2837 | D:3      | Killed Blork the orc
  2837 | D:3      | Reached skill level 4 in Spellcasting
  2847 | D:3      | Found a deep blue altar of Sif Muna.
  2855 | D:3      | Became a worshipper of Sif Muna the Loreminder
  2921 | D:3      | Found a bloodstained altar of Trog.
  2921 | D:3      | Noticed a wizard
  2928 | D:3      | Killed a wizard
  3018 | D:3      | Found an opulent altar of Gozag.
  3128 | D:3      | Reached XP level 6. HP: 41/41 MP: 1/15
  3426 | D:3      | Noticed abixa's ghost (average HOGl)
  3450 | D:3      | Killed abixa's ghost
  3450 | D:3      | Reached skill level 1 in Armour
  3876 | D:3      | Upgraded the game from 0.16.1-7-g2c6721e to 0.16.1-11-g651b585
  3902 | D:4      | Reached skill level 1 in Fighting
  4246 | D:3      | Learned a level 3 spell: Mephitic Cloud
  4301 | D:3      | Reached XP level 7. HP: 43/48 MP: 3/17
  4435 | D:3      | Learned a level 2 spell: Slow
  4467 | D:4      | Found a staircase to the Ecumenical Temple.
  4848 | D:4      | Found a white marble altar of Elyvilon.
  5073 | D:4      | Reached skill level 5 in Conjurations
  5470 | D:4      | Acquired Sif Muna's first power
  5761 | D:4      | Learned a level 1 spell: Freeze
  5990 | D:4      | Reached skill level 1 in Ice Magic
  6078 | D:5      | Entered Level 5 of the Dungeon
  6097 | D:5      | Found a sacrificial altar of Ru.
  6133 | D:5      | Found a burning altar of Makhleb.
  6133 | D:5      | Noticed an Executioner
  6136 | D:5      | Noticed an orange demon
  6136 | D:5      | Noticed an orange demon
  6393 | D:5      | Reached skill level 5 in Spellcasting
  6393 | D:5      | Reached XP level 8. HP: 54/54 MP: 15/20
  7009 | D:5      | Found a stormy altar of Qazlal.
  7075 | D:5      | Found a basalt altar of Yredelemnul.
  7168 | D:5      | Reached skill level 1 in Evocations
  7308 | D:6      | Found a glowing golden altar of the Shining One.
  7886 | D:6      | Noticed Grinder
  7907 | D:6      | Killed Grinder
  7907 | D:6      | Acquired Sif Muna's second power
  7907 | D:6      | Reached skill level 6 in Conjurations
  8585 | D:6      | Got a twisted scimitar
  8586 | D:6      | Identified the +0 scimitar of Demand {freeze, rPois MR- Str+5} (You found it on level 6 of the Dungeon)
  8935 | D:6      | Noticed Edmund
  8961 | D:6      | Killed Edmund
  9068 | D:7      | Reached XP level 9. HP: 29/59 MP: 22/22
  9256 | D:7      | Noticed Prince Ribbit
  9277 | D:7      | Learned a level 4 spell: Throw Icicle
  9322 | D:7      | Killed Prince Ribbit
  9322 | D:7      | Reached skill level 1 in Invocations
  9987 | D:7      | Learned a level 2 spell: Repel Missiles
 10015 | D:7      | Found a stormy altar of Qazlal.
 10529 | D:8      | Reached skill level 7 in Conjurations
 10529 | D:8      | Reached skill level 5 in Ice Magic
 10530 | D:8      | Found Bliriw's Assorted Antiques.
 10547 | D:8      | Bought a scroll of identify for 66 gold pieces
 10547 | D:8      | Bought a glowing robe for 23 gold pieces
 10547 | D:8      | Bought a scroll of identify for 66 gold pieces
 10557 | D:8      | Bought a glowing robe for 23 gold pieces
 10666 | D:8      | Found a sparkling altar of Nemelex Xobeh.
 10799 | D:8      | Found a staircase to the Lair.
 10811 | D:8      | Reached XP level 10. HP: 56/70 MP: 17/25
 11086 | D:8      | Acquired Sif Muna's third power
 11332 | D:8      | Identified the Reference Book on Displacement (You found it on level 8 of the Dungeon)
 11337 | D:8      | Learned a level 3 spell: Ozocubu's Armour
 11346 | D:8      | Found a shadowy altar of Dithmenos.
 11881 | D:8      | Noticed a cyclops
 11935 | D:8      | Reached skill level 8 in Spellcasting
 12036 | D:8      | Noticed emiel's ghost (experienced HuIE)
 12070 | D:8      | Killed emiel's ghost
 12509 | D:8      | Killed a cyclops
 12664 | D:8      | Learned a level 3 spell: Regeneration
 13230 | D:8      | Reached skill level 1 in Necromancy
 13230 | D:8      | Reached XP level 11. HP: 77/77 MP: 24/28
 14152 | D:9      | Noticed an obsidian statue
 14367 | D:9      | Noticed a hill giant
 14398 | D:9      | Killed a hill giant
 14398 | D:9      | Reached skill level 9 in Spellcasting
 14498 | D:9      | Learned a level 4 spell: Summon Ice Beast
 14600 | D:9      | Found a sacrificial altar of Ru.
 14601 | D:9      | Found an iron altar of Okawaru.
 15291 | D:10     | Entered Level 10 of the Dungeon
 15379 | D:10     | Found a staircase to the Orcish Mines.
 16262 | D:8      | Bought a large cabochon ring for 165 gold pieces
 18432 | Lair:1   | Entered Level 1 of the Lair of Beasts
 18781 | Lair:1   | Reached skill level 5 in Armour
 18781 | Lair:1   | Reached skill level 5 in Dodging
 19427 | Lair:1   | Reached skill level 5 in Evocations
 19537 | Lair:1   | Reached XP level 12. HP: 73/83 MP: 9/29
 20231 | Lair:2   | Reached skill level 1 in Throwing
 20573 | Lair:2   | Noticed a five-headed hydra
 20595 | Lair:2   | Killed a five-headed hydra
 20595 | Lair:2   | Received a gift from Sif Muna
 20598 | Lair:2   | Identified Sif Muna's Almanac of Confrontation (Sif Muna gifted it to you on level 2 of the Lair of Beasts)
 20746 | Lair:2   | Reached skill level 1 in Maces & Flails
 20983 | Lair:2   | Learned a level 2 spell: Stoneskin
 20987 | Lair:2   | Learned a level 2 spell: Stoneskin
 21054 | Lair:2   | Noticed a five-headed hydra
 21062 | Lair:2   | Killed a five-headed hydra
 21220 | Lair:2   | Reached skill level 1 in Earth Magic
 22475 | Lair:2   | Noticed a four-headed hydra
 22478 | Lair:2   | Killed a four-headed hydra
 22478 | Lair:2   | Reached skill level 10 in Spellcasting
 22973 | Lair:3   | Reached skill level 10 in Conjurations
 23409 | Lair:3   | Found a staircase to the Snake Pit.
 23420 | Lair:3   | Reached XP level 13. HP: 82/90 MP: 26/31
 23651 | Lair:3   | Reached skill level 5 in Fighting
 25339 | Lair:4   | Found a glowing silver altar of Zin.
 25479 | Lair:4   | Received a gift from Sif Muna
 25482 | Lair:4   | Identified Sif Muna's Tome of Talismans (Sif Muna gifted it to you on level 4 of the Lair of Beasts)
 25859 | Lair:4   | Noticed Radiman's ghost (powerful GrEE)
 25865 | Lair:4   | Killed Radiman's ghost
 25865 | Lair:4   | Reached skill level 1 in Charms
 26130 | Lair:5   | Reached skill level 5 in Necromancy
 27192 | Lair:5   | Reached skill level 5 in Earth Magic
 27483 | Lair:5   | Reached skill level 11 in Spellcasting
 27600 | Lair:5   | Reached XP level 14. HP: 100/100 MP: 33/33
 28308 | Lair:6   | Found a staircase to the Swamp.
 28983 | Lair:6   | Learned a level 5 spell: Iskenderun's Battlesphere
 29225 | Lair:6   | Received a gift from Sif Muna
 29228 | Lair:6   | Identified Sif Muna's Collected Works on Attacks (Sif Muna gifted it to you on level 6 of the Lair of Beasts)
 30167 | Lair:7   | Learned a level 2 spell: Shroud of Golubria
 30425 | Lair:7   | Reached skill level 5 in Charms
 30879 | Lair:8   | Entered Level 8 of the Lair of Beasts
 30879 | Lair:8   | Found a labyrinth entrance.
 30897 | Lab      | Entered a labyrinth
 31037 | Lab      | Reached skill level 12 in Spellcasting
 31264 | Lab      | Got a twitching glass ring
 31268 | Lab      | Identified the ring "Thrauzxe" {+Inv rN+ Dex-2 Stlth+} (You found it in a labyrinth)
 31694 | Lair:7   | Noticed Maud
 31944 | Lair:7   | Killed Maud
 32101 | Lair:7   | Received a gift from Sif Muna
 32105 | Lair:7   | Reached XP level 15. HP: 105/105 MP: 25/34
 32108 | Lair:7   | Identified Qupla's Compendium of Dusty Augmentations (Sif Muna gifted it to you on level 7 of the Lair of Beasts)
 32338 | Lair:7   | Learned a level 6 spell: Iron Shot
 33912 | Lair:8   | Found a viscous altar of Jiyva.
 33913 | Lair:8   | Found a staircase to the Slime Pits.
 34629 | Lair:8   | Found a burning altar of Makhleb.
 35087 | Lair:8   | Found a gateway to Hell.
 35096 | Lair:8   | Got a jewelled morningstar
 35098 | Lair:8   | Identified the +2 morningstar "Zeyrar" {drain, rElec Int+2} (You found it on level 8 of the Lair of Beasts)
 35816 | D:11     | Found a shadowy altar of Dithmenos.
 35909 | D:11     | Reached skill level 13 in Spellcasting
 35929 | D:11     | Found a flickering gateway to a bazaar.
 35939 | Bazaar   | Entered a bazaar
 35943 | Bazaar   | Found Omaf's Jewellery Boutique.
 35973 | Bazaar   | Found Qiaj's Antique Weapon Shoppe.
 35991 | Bazaar   | Found Cusot's Book Boutique.
 36012 | Bazaar   | Found Gasawok's Weapon Emporium.
 36142 | Bazaar   | Bought a +2 great mace of holy wrath for 331 gold pieces
 36387 | D:11     | Found Cizaicosk's Book Emporium.
 36491 | D:11     | Found Loatika's Gadget Emporium.
 36710 | D:11     | Found Linenk's Weapon Shop.
 36896 | D:11     | Found Voich's Antique Armour Shop.
 36901 | D:11     | Bought an embroidered robe for 23 gold pieces
 37147 | D:12     | Identified a scroll of acquirement
 38196 | D:12     | Found Qireomef's General Store.
 38237 | D:12     | Bought a scroll of identify for 26 gold pieces
 38819 | D:13     | Reached skill level 1 in Fire Magic
 39002 | D:13     | Found a flagged portal.
 39009 | Bailey   | Entered a bailey
 39231 | Bailey   | Received a gift from Sif Muna
 39231 | Bailey   | Reached XP level 16. HP: 76/111 MP: 27/36
 39234 | Bailey   | Identified Feupi's Disquisition on Arcane Weapons (Sif Muna gifted it to you in a bailey)
 39240 | Bailey   | Learned a level 4 spell: Sticky Flame
 39353 | D:13     | Found Doodd's Armour Shoppe.
 39691 | D:13     | Noticed Urug
 39720 | D:13     | Killed Urug
 40012 | D:13     | Noticed Grum
 40018 | D:13     | Killed Grum
 42875 | D:14     | Found a gate to the Vaults.
 43159 | D:14     | Found a huge runed gate.
 43159 | D:14     | Found a huge runed gate.
 43159 | D:14     | Found a huge runed gate.
 43159 | D:14     | Found a huge runed gate.
 43243 | D:14     | Got a crude leather armour
 43254 | D:14     | Identified the +0 leather armour of the Sea {Dex+4} (You found it on level 14 of the Dungeon)
 44808 | D:15     | Entered Level 15 of the Dungeon
 44872 | D:15     | Noticed Fannar
 44907 | D:15     | Killed Fannar
 46038 | D:15     | Received a gift from Sif Muna
 46053 | D:15     | Identified Sif Muna's Disquisition on Shifting Unholy Secrets (Sif Muna gifted it to you on level 15 of the Dungeon)
 46258 | D:15     | Reached skill level 14 in Spellcasting
 46484 | D:15     | Found a staircase to the Depths.
 46490 | D:15     | Reached skill level 10 in Earth Magic
 48741 | D:15     | Reached XP level 17. HP: 117/117 MP: 22/37
 49508 | Orc:1    | Entered Level 1 of the Orcish Mines
 50312 | Orc:3    | Found an iron altar of Okawaru.
 50540 | Orc:3    | Learned a level 5 spell: Ignite Poison
 50654 | Orc:3    | Found a staircase to the Elven Halls.
 51022 | Orc:3    | Learned a level 6 spell: Haste
 53773 | Orc:3    | Got a pitted plate armour
 53788 | Orc:3    | Identified the -7 plate armour "Mnicw" {rN+ Int+2} (You took it off an orc on level 3 of the Orcish Mines)
 54050 | Orc:4    | Entered Level 4 of the Orcish Mines
 54100 | Orc:4    | Noticed giann's ghost (powerful SpEn)
 54104 | Orc:4    | Killed giann's ghost
 54230 | Orc:4    | Found Scheac's Book Shop.
 54231 | Orc:4    | Found Roru Rad's Jewellery Emporium.
 54414 | Orc:4    | Bought an uncursed ring of poison resistance for 220 gold pieces
 54542 | Orc:4    | Found a burning altar of Makhleb.
 54915 | Orc:4    | Received a gift from Sif Muna
 54918 | Orc:4    | Identified Iskenderun's Volume of Combat Magic and the Volcanoes (Sif Muna gifted it to you on level 4 of the Orcish Mines)
 54967 | Orc:4    | Found Phi Seng's Assorted Antiques.
 54967 | Orc:4    | Found Shrosil's Distillery.
 54973 | Orc:4    | Bought a scroll of teleportation for 75 gold pieces
 54973 | Orc:4    | Bought a large moonstone ring for 125 gold pieces
 54995 | Orc:4    | Bought a potion of heal wounds for 65 gold pieces
 54995 | Orc:4    | Bought a potion of brilliance for 52 gold pieces
 54995 | Orc:4    | Bought a potion of brilliance for 52 gold pieces
 55005 | Orc:4    | Found a roughly hewn altar of Beogh.
 55812 | Swamp:1  | Entered Level 1 of the Swamp
 55862 | Swamp:1  | Noticed Kirke
 55876 | Swamp:1  | Reached skill level 5 in Invocations
 55947 | Swamp:1  | Killed Kirke
 57055 | Swamp:2  | Reached skill level 15 in Spellcasting
 57088 | Swamp:2  | Noticed Louise
 57116 | Swamp:2  | Killed Louise
 57404 | Swamp:2  | Identified Iskenderun's Incunabulum of Battle Magic
 57853 | Swamp:3  | Reached XP level 18. HP: 123/123 MP: 39/39
 57860 | Swamp:3  | Learned a level 5 spell: Ignite Poison
 58922 | Swamp:4  | Found a frozen archway.
 58977 | IceCv    | Entered an ice cave
 59029 | IceCv    | Learned a level 6 spell: Bolt of Fire
 59768 | IceCv    | Noticed an Ice Fiend
 59817 | IceCv    | Killed an Ice Fiend
 59899 | IceCv    | Identified Sif Muna's Disquisition on Shifting Orientation
 60200 | Swamp:4  | Received a gift from Sif Muna
 60428 | Swamp:5  | Entered Level 5 of the Swamp
 60547 | Swamp:5  | Slain by an eight-headed hydra

Action                   |  1- 3 |  4- 6 |  7- 9 | 10-12 | 13-15 | 16-18 || total
-------------------------+-------+-------+-------+-------+-------+-------++-------
Melee: Unarmed           |    23 |       |       |     1 |     1 |       ||    25
       Club              |    41 |    50 |     1 |       |       |       ||    92
       Dagger            |       |       |    31 |       |       |       ||    31
       Scimitar          |       |       |     5 |    62 |       |    18 ||    85
       Flail             |       |       |       |   150 |   220 |       ||   370
       Staff             |       |       |       |       |    86 |    55 ||   141
       Morningstar       |       |       |       |       |    10 |       ||    10
 Fire: Blowgun           |       |       |       |    67 |       |       ||    67
Throw: Throwing net      |       |       |     2 |     1 |       |       ||     3
 Cast: Magic Dart        |    79 |   106 |   279 |   435 |   260 |       ||  1159
       Call Imp          |     7 |    15 |    48 |    59 |     2 |       ||   131
       Conjure Flame     |     1 |     3 |     6 |    32 |    36 |    29 ||   107
       Blink             |       |     1 |     6 |    22 |    18 |    41 ||    88
       Slow              |       |       |     6 |       |       |       ||     6
       Mephitic Cloud    |       |       |     1 |     9 |     9 |    21 ||    40
       Throw Icicle      |       |       |    33 |   187 |   562 |   712 ||  1494
       Repel Missiles    |       |       |     1 |     2 |     3 |    11 ||    17
       Summon Ice Beast  |       |       |       |    17 |    48 |    88 ||   153
       Ozocubu's Armour  |       |       |       |     5 |    14 |    39 ||    58
       Regeneration      |       |       |       |     1 |       |    42 ||    43
       Iskenderun's Batt |       |       |       |       |    27 |    24 ||    51
       Shroud of Golubri |       |       |       |       |     6 |       ||     6
       Stoneskin         |       |       |       |       |     1 |       ||     1
       Iron Shot         |       |       |       |       |    38 |   167 ||   205
       Haste             |       |       |       |       |       |     3 ||     3
       Bolt of Fire      |       |       |       |       |       |    45 ||    45
       Ignite Poison     |       |       |       |       |       |     6 ||     6
Invok: Channel Energy    |       |       |     1 |     1 |   162 |   970 ||  1134
       Forget Spell      |       |       |       |     3 |     3 |     1 ||     7
 Abil: Evoke Invisibilit |       |       |       |     1 |     1 |     3 ||     5
Evoke: Wand              |       |       |    13 |     2 |     1 |     1 ||    17
       Phantom mirror    |       |       |       |       |     1 |       ||     1
       Deck              |       |       |       |       |       |     1 ||     1
  Use: Scroll            |       |     4 |     9 |    16 |    23 |    19 ||    71
       Potion            |       |     1 |     4 |       |       |     5 ||    10
 Stab: Paralysed         |       |       |     5 |       |       |       ||     5
       Sleeping          |       |       |     2 |     4 |     2 |       ||     8
       Confused          |       |       |       |     2 |       |       ||     2
  Eat: Chunk             |     3 |     2 |    32 |    52 |    88 |   184 ||   361
       Pizza             |       |     1 |       |       |     2 |       ||     3
       Bread ration      |       |     1 |       |       |       |     1 ||     2
       Fruit             |       |       |       |     1 |     1 |     4 ||     6
       Beef jerky        |       |       |       |       |     1 |       ||     1
       Meat ration       |       |       |       |       |       |    12 ||    12
